 Dungeon Crawl Stone Soup version 0.30-a0-634-g8abc85282e (webtiles) character file.

Game seed: 9984966044117426815

24908 arthad the Summoner (level 12, -5/43 (55) HPs)
             Began as a Felid Summoner on Jan 15, 2023.
             Was an Initiate of Gozag.
             Slain by a spectral orc knight
             ... wielding a +1 great mace of draining
             ... summoned by Nergalle
              (7 damage)
             ... on level 3 of the Lair of Beasts.
             The game lasted 01:29:07 (18948 turns).

arthad the Summoner (Felid Summoner)               Turns: 18948, Time: 01:29:08

HP:   -5/43 (55)    AC:  3    Str:  4    XL:     12   Next: 84%
MP:   20/28         EV: 30    Int: 21    God:    Gozag
Gold: 3040          SH:  0    Dex: 17    Spells: 7/33 levels left
                                        Lives: 0   Deaths: 4

rFire   + . .      SeeInvis +      - Unarmed
rCold   + . .      Faith    .    (shield unavailable)
rNeg    . . .      Spirit   .    (body armour unavailable)
rPois   +          Reflect  .    (helmet unavailable)
rElec   +          Harm     .    (cloak unavailable)
rCorr   .          Rampage  .    (gloves unavailable)
Will    +....                    (boots unavailable)
Stlth   +++                      s - amulet of magic regeneration
HPRegen 0.27/turn                h - +5 ring of evasion
MPRegen 0.61/turn                d - ring of the Catfish {rElec rPois rF+}

@: heavily drained, quick
A: very small, claws 1, fangs 3, see invisible, speed 1, shaggy fur 3, stealthy
paws, no weapons or thrown items, no armour, multi-lived
a: Renounce Religion, Potion Petition, Call Merchant, Bribe Branch


You were on level 3 of the Lair of Beasts.
You worshipped Gozag.
Gozag was most pleased with you.
You visited 3 branches of the dungeon, and saw 19 of its levels.

You collected 4729 gold pieces.
You spent 968 gold pieces at shops.
You paid 721 gold pieces to Gozag.

Inventory:

Hand Weapons
 r - the +7 short sword of Wu Jian's Indignation {antimagic, rC+ rN+ Str+3 Int+4 Stlth+}
   (You found it on level 4 of the Dungeon)

   Str:       It affects your strength (+3).
   Int:       It affects your intelligence (+4).
   rC:        It protects you from cold.
   rN:        It protects you from negative energy.
   Stlth:     It makes you more stealthy.
Armour
 b - the +7 Kryia's mail coat {PotionHeal*2 rC+}
   (You found it on level 12 of the Dungeon)

   PotionHeal*2: Potions heal its wearer twice as much.
   rC:        It protects you from cold.
Jewellery
 d - the ring of the Catfish (right paw) {rElec rPois rF+}
   (You bought it in a shop on level 3 of the Lair of Beasts)

   [ring of protection from fire]

   rF:        It protects you from fire.
   rElec:     It insulates you from electricity.
   rPois:     It protects you from poison.
 h - a +5 ring of evasion (left paw)
 s - an amulet of magic regeneration (around neck)
 B - a ring of poison resistance
 G - a +6 ring of strength
 I - an amulet of regeneration
 M - a ring of resist corrosion
Wands
 o - a wand of roots (8)
 C - a wand of quicksilver (2)
 K - a wand of mindburst (1)
 L - a wand of flame (15)
 O - a wand of polymorph (7)
Scrolls
 e - 6 scrolls of blinking
 j - 8 scrolls of teleportation
 l - 4 scrolls of poison
 n - a scroll of fear
 q - a scroll of brand weapon {unknown}
 u - a scroll of butterflies {unknown}
 w - 4 scrolls of amnesia
 y - 3 scrolls of enchant weapon
 D - 2 scrolls of fog
 E - 6 scrolls of noise
 H - 2 scrolls of enchant armour
 N - 5 scrolls of vulnerability {unknown}
Potions
 a - 4 potions of magic
 c - 2 potions of attraction
 f - 3 potions of ambrosia
 g - 4 potions of haste
 i - 4 potions of curing
 k - 6 potions of heal wounds
 m - a potion of might
 t - 2 potions of invisibility
 v - 2 potions of flight
 x - 5 potions of degeneration
 z - 3 potions of lignification
 A - 5 potions of resistance
 F - 5 potions of mutation
 J - a potion of brilliance


   Skills:
 + Level 8.3 Fighting
 + Level 11.3 Dodging
 - Level 3.4 Stealth
 + Level 7.1 Unarmed Combat
 * Level 11.1 Spellcasting
 - Level 11.5 Hexes
 * Level 12.5 Summonings
 + Level 1.6 Ice Magic
 * Level 9.2 Air Magic


You had 7 spell levels left.
You knew the following spells:

 Your Spells              Type           Power      Damage    Failure   Level
a - Summon Small Mammal   Summ           100%       N/A       1%          1
b - Call Imp              Summ           59%        N/A       1%          2
c - Call Canine Familiar  Summ           59%        N/A       1%          3
d - Summon Guardian Gole  Hex/Summ       58%        N/A       1%          3
e - Summon Lightning Spi  Summ/Air       55%        N/A       1%          4
f - Tukima's Dance        Hex            56%        N/A       1%          3
g - Summon Ice Beast      Ice/Summ       41%        N/A       3%          4
h - Summon Cactus Giant   Summ           29%        N/A       4%          6

Your spell library contained the following spells:

 Spells                   Type           Power      Damage    Failure   Level
 Poisonous Vapours        Pois/Air       62%        N/A       1%          2
 Dazzling Flash           Conj/Hex       70%        N/A       1%          3
 Cigotuvi's Dreadful Rot  Necr/Pois/Air  48%        N/A       2%          2
 Silence                  Hex/Air        26%        N/A       2%          5
 Mephitic Cloud           Conj/Pois/Air  24%        N/A       4%          3
 Leda's Liquefaction      Hex/Erth       17%        N/A       5%          4
 Magic Dart               Conj           44%        1d5       6%          1
 Scorch                   Fire           22%        2d6       9%          2
 Sublimation of Blood     Necr           11%        N/A       9%          2
 Frozen Ramparts          Ice            36%        1d6       9%          3
 Ice Form                 Ice/Tmut       15%        N/A       38%         4
 Enfeeble                 Hex            28%        N/A       41%         7
 Flame Wave               Conj/Fire      11%        2d6       50%         4
 Iskenderun's Mystic Bla  Conj/Tloc      11%        2d4       50%         4
 Passage of Golubria      Tloc           11%        N/A       50%         4
 Petrify                  Tmut/Erth      11%        N/A       50%         4
 Blade Hands              Tmut           5%         N/A       85%         5
 Irradiate                Conj/Tmut      5%         3d13      85%         5
 Starburst                Conj/Fire      5%         6d4       100%        6
 Discord                  Hex            28%        N/A       98%         8
 Lehudib's Crystal Spear  Conj/Erth      5%         10d3      100%        8
 Dragon's Call            Summ           29%        N/A       100%        9
 Portal Projectile        Hex/Tloc       Unusable   N/A       N/A         3

Dungeon Overview and Level Annotations

Branches:
Dungeon (15/15)            Temple (1/1) D:5            Lair (2/5) D:9
    Orc (0/2) D:9          Vaults (0/5) D:13
  Swamp: Lair:2-3    Shoals: Lair:2-3     Snake: Lair:2-3    Spider: Lair:2-3
 Depths: D:15

Altars:
Ashenzari
Cheibriados
Dithmenos
Elyvilon
Fedhas
Gozag
Hepliaklqana
Kikubaaqudgha
Makhleb
Nemelex Xobeh
Okawaru
Qazlal
Ru
Sif Muna
Trog
Uskayaw
Vehumet
Wu Jian
Xom
Yredelemnul
Zin
The Shining One

Shops:
D:11 *   D:12 (   D:14 *   Lair:3 =

Annotations:
D:15 3 runed translucent doors
Lair:2 2 transporters, Kaluijim's ghost, journeyman SpEn
Lair:3 Nergalle


Innate Abilities, Weirdness & Mutations

You have sharp claws.
You have razor-sharp teeth.
You have supernaturally acute eyesight. (SInv)
You cover ground quickly. (Speed+)
Your thick and shaggy fur keeps you warm. (AC +3, rC+)
Your paws help you pounce on unaware monsters.
You are incapable of wielding weapons or throwing items.
You cannot wear armour.
You gain extra lives every three experience levels.


Message History

Your cactus giant hits the spectral orc knight but does no damage.
The spectral orc warrior hits your lightning spire but does no damage.
The spectral orc warrior hits your guardian golem with a +0 battleaxe!
The spectral orc warrior completely misses you.
The spectral orc knight hits you with a +1 great mace of draining!
You feel drained. x2
The spectral orc warrior closely misses you.
The spectral orc warrior hits your lightning spire with a +0 battleaxe.
Your warg bites Nergalle but does no damage.
Nergalle hits your warg with a +0 dagger.
You scratch the spectral orc warrior.
You destroy the spectral orc warrior!
The spectral orc warrior disappears in a puff of smoke!
The spectral orc warrior hits your lightning spire with a +0 battleaxe.
The spectral orc warrior hits your guardian golem with a +0 battleaxe.
The spectral orc warrior misses you.
The spectral orc knight hits you with a +1 great mace of draining!
You feel drained. x2
Your warg bites Nergalle but does no damage.
Nergalle hits your warg with a +0 dagger.
What are your orders? t - Meow!
Orders for allies: a - Attack new target. r - Retreat! s - Stop attacking. g - Guard the area. f - Follow me.
Anything else - Cancel.
Gang up on whom?
Press: ? - help, Dir - move target, f - spectral orc warrior
Aim: a spectral orc warrior, wielding a +0 battleaxe and wearing a +0 chain mail (grey smoke, severely damaged, summoned, not watching you, ally target) Attack!
The spectral orc warrior hits your lightning spire with a +0 battleaxe!!
The spectral orc warrior hits your guardian golem with a +0 battleaxe!
The spectral orc warrior completely misses you.
The spectral orc warrior hits your warg with a +0 battleaxe.
The spectral orc warrior drains your warg.
The spectral orc knight hits you with a +1 great mace of draining!!
* * * LOW HITPOINT WARNING * * *
You feel drained.
You die...
Your body crumbles into a pile of gold.

##....
......
#....#
###.o...
#....§.
..h.#
#.Z§#
#@89#
#ZC.#
##..P#
#....#
##...#
###...#
#P....#
#.....#
##P...##


You could see Nergalle, a spectral orc warrior (summoned, distracted, ally
target), a spectral orc knight (summoned), a friendly cactus giant (summoned,
sheltered), a friendly guardian golem (summoned), a friendly warg (summoned,
sheltered, drained) and a friendly lightning spire (summoned, sheltered).

Vanquished Creatures
  A manticore (D:13)
  An unseen horror (D:12)
  A nameless horror (D:14)
  A vampire mosquito (D:14)
  A yak (Lair:2)
  A kobold brigand (D:13)
  A bullfrog (D:6)
  2 gnoll sergeants (D:8)
  A hound (D:5)
  An orc wizard (D:3)
  An adder (D:6)
  A ball python (D:3)
  A giant cockroach (D:4)
  A hobgoblin (D:1)
15 creatures vanquished.

Vanquished Creatures (collateral kills)
  Josephine (D:10)
  3 rakshasas (D:14)
  A two-headed ogre (D:9)
  A centaur warrior (D:13)
  A hydra (D:15)
  A boulder beetle (D:14)
  4 death yaks (Lair:1)
  A deep elf knight (D:13)
  A fire crab (D:9)
  A fire crab (shapeshifter) (D:14)
  5 skeletal warriors
  A deep elf archer (D:13)
  2 deep elf zephyrmancers (D:13)
  A deep elf pyromancer (D:13)
  An oklob plant (Lair:1)
  A cyclops (D:13)
  15 ugly things
  2 manticores
  2 elephants (D:13)
  2 black mambas
  4 centaur skeletons (D:13)
  5 cane toads
  A gargoyle (D:14)
  3 komodo dragons (Lair:1)
  A freezing wraith (D:15)
  A tengu conjurer (D:13)
  5 kobold demonologists
  A meliai (D:14)
  A culicivora (shapeshifter) (D:13)
  8 slime creatures
  2 wraiths (D:10)
  25 yaks
  A shadow (D:10)
  2 wyverns
  Eustachio (D:6)
  A steam dragon (D:9)
  5 vampire mosquitoes
  2 basilisks
  5 water moccasins
  A black bear (D:7)
  4 orc warriors
  An ice beast (D:7)
  3 ogres
  8 centaurs
  2 phantoms
  6 kobold brigands
  4 bullfrogs
  2 gnoll sergeants (D:9)
  3 scorpions
  2 wights (D:7)
  3 killer bees (D:9)
  4 howler monkeys
  A hound (D:7)
  7 orc priests
  A jelly (D:6)
  3 iguanas
  11 orc wizards
  13 gnolls
  7 adders
  A shadow imp (D:5)
  A white imp (D:8)
  2 nameless horrors
  2 ufetubi
  2 worms
  33 orcs
  7 ball pythons
  4 endoplasms
  2 giant cockroaches (D:2)
  7 hobgoblins
  26 kobolds
  3 quokkas
  5 bats
  7 goblins
  A rat (D:1)
  A bush (D:4)
311 creatures vanquished.

Vanquished Creatures (others)
  2 hydras (D:13)
  Harold (D:9)
  A boulder beetle (D:13)
  A death knight (D:13)
  A deep elf archer (D:13)
  A wizard (D:14)
  An orc knight (D:13)
  5 ugly things (D:14)
  A manticore (D:12)
  A gargoyle (D:13)
  A kobold demonologist (D:12)
  A komodo dragon (D:11)
  2 trolls (D:12)
  A polar bear (Lair:1)
  5 slime creatures
  2 yaks (D:10)
  A wraith (D:10)
  3 dancing weapons
  A vampire mosquito (D:12)
  A warg (D:13)
  An acid dragon (D:12)
  2 orc warriors
  A black bear (D:5)
  A centaur (D:7)
  2 kobold brigands
  A necrophage (D:5)
  A wight (D:7)
  2 orcs
  A hobgoblin (D:9)
  5 fungi
  15 plants
65 creatures vanquished.

Grand Total: 391 creatures vanquished

Notes
Turn   | Place    | Note
-------+----------+-------------------------------------------
     0 | D:1      | arthad the Felid Summoner began the quest for the Orb.
     0 | D:1      | Reached XP level 1. HP: 7/7 MP: 4/4
   425 | D:1      | Reached XP level 2. HP: 11/11 MP: 3/6
   873 | D:1      | Found a faded altar of an unknown god.
   879 | D:1      | Learned a level 2 spell: Call Imp
  1445 | D:2      | Reached XP level 3. HP: 14/14 MP: 2/7
  1449 | D:2      | Learned a level 3 spell: Call Canine Familiar
  1934 | D:2      | Reached skill level 1 in Hexes
  2222 | D:3      | Found a blossoming altar of Fedhas.
  2505 | D:3      | Reached XP level 4. HP: 14/18 MP: 0/8
  2893 | D:3      | Reached XP level 5. HP: 21/21 MP: 0/10
  3435 | D:4      | Learned a level 3 spell: Summon Guardian Golem
  3477 | D:4      | Reached skill level 1 in Fighting
  3642 | D:4      | Found a hazy altar of Hepliaklqana.
  3746 | D:4      | Identified the +7 short sword of Wu Jian's Indignation
                  | {antimagic, rC+ rN+ Str+3 Int+4 Stlth+}
  4116 | D:5      | Entered Level 5 of the Dungeon
  4138 | D:5      | Killed from afar by an orc priest
  4139 | D:5      | Reached XP level 4. HP: 0/19 MP: 7/9
  4247 | D:5      | Noticed a phantom
  4272 | D:5      | Killed a phantom
  4273 | D:5      | Reached skill level 5 in Summonings
  4273 | D:5      | Reached XP level 5. HP: 22/22 MP: 9/11
  4376 | D:5      | Found a staircase to the Ecumenical Temple.
  4447 | D:5      | Gained mutation: You are covered in thick fur. (AC +2)
                  | [Felid growth]
  4447 | D:5      | Reached XP level 6. HP: 18/25 MP: 12/12
  4503 | Temple   | Entered the Ecumenical Temple
  4610 | Temple   | Became a worshipper of Gozag Ym Sagoz the Greedy
  5503 | D:5      | Found a white marble altar of Elyvilon.
  5553 | D:6      | Reached XP level 7. HP: 30/30 MP: 9/14
  5715 | D:6      | Reached skill level 5 in Dodging
  5715 | D:6      | Reached skill level 6 in Summonings
  6001 | D:6      | Found a shadowy altar of Dithmenos.
  6085 | D:6      | Noticed Eustachio
  6106 | D:6      | Killed Eustachio
  6107 | D:6      | Reached skill level 5 in Spellcasting
  6107 | D:6      | Reached XP level 8. HP: 34/34 MP: 13/16
  6158 | D:7      | Reached skill level 5 in Hexes
  6185 | D:7      | Identified 2 scrolls of acquirement
  6186 | D:7      | Acquired 1186 gold pieces
  6305 | D:7      | Learned a level 4 spell: Summon Lightning Spire
  6309 | D:7      | Learned a level 3 spell: Tukima's Dance
  6309 | D:7      | Acquired the Volume of the Star-crossed Entourage
  6493 | D:7      | Reached skill level 7 in Summonings
  7002 | D:7      | Reached XP level 9. HP: 35/39 MP: 17/19
  7724 | D:8      | Found a bloodstained altar of Trog.
  7725 | D:8      | Found a glowing silver altar of Zin.
  7848 | D:8      | Reached skill level 1 in Air Magic
  8225 | D:9      | Reached skill level 1 in Unarmed Combat
  8476 | D:9      | Noticed a fire crab
  8523 | D:9      | Reached skill level 8 in Summonings
  8565 | D:9      | Found a staircase to the Lair.
  8737 | D:9      | Killed a fire crab
  8849 | D:9      | Reached XP level 10. HP: 37/43 MP: 17/21
  8925 | D:9      | Found a staircase to the Orcish Mines.
  9185 | D:9      | Noticed Harold
  9217 | D:9      | Killed Harold
  9218 | D:9      | Reached skill level 5 in Fighting
  9248 | D:9      | Noticed a two-headed ogre
  9288 | D:9      | Killed a two-headed ogre
  9561 | D:10     | Entered Level 10 of the Dungeon
  9612 | D:10     | Reached skill level 9 in Summonings
  9904 | D:10     | Noticed Josephine
 10014 | D:10     | Killed Josephine
 10178 | D:10     | Reached XP level 11. HP: 48/48 MP: 21/23
 10183 | D:10     | Learned a level 4 spell: Summon Ice Beast
 10708 | D:11     | Reached skill level 5 in Air Magic
 11226 | D:11     | Found Beahicon's Assorted Antiques.
 11238 | D:11     | Bought a scroll labelled ROTO UMNUESH for 32 gold pieces
 11238 | D:11     | Bought a fluorescent wand for 128 gold pieces
 11238 | D:11     | Bought a tubular emerald ring for 160 gold pieces
 11471 | D:11     | Noticed a green ugly thing
 11486 | D:11     | Killed a green ugly thing
 11544 | D:11     | Learned a level 6 spell: Summon Cactus Giant
 12267 | D:12     | Found the +7 Kryia's mail coat {PotionHeal*2 rC+}
 12400 | D:12     | Found Riruorav's Weapon Shop.
 12434 | D:12     | Noticed a soul eater
 12608 | D:12     | Reached skill level 10 in Summonings
 13638 | D:13     | Noticed an eight-headed hydra
 13641 | D:13     | Noticed a green ugly thing
 13651 | D:13     | Killed an eight-headed hydra
 13652 | D:13     | Killed a green ugly thing
 13654 | D:13     | Noticed a deep elf pyromancer
 13667 | D:13     | Gained mutation: Your thick and shaggy fur keeps you warm.
                  | (AC +3, rC+) [Felid growth]
 13667 | D:13     | Reached XP level 12. HP: 28/53 MP: 3/25
 13929 | D:13     | Noticed a death knight
 13949 | D:13     | Killed a death knight
 14067 | D:13     | Reached skill level 5 in Unarmed Combat
 14089 | D:13     | Noticed a boulder beetle
 14103 | D:13     | Noticed a seven-headed hydra
 14109 | D:13     | Slain by a seven-headed hydra
 14110 | D:13     | Reached XP level 11. HP: -1/49 MP: 4/25
 14212 | D:13     | Killed a boulder beetle
 14212 | D:13     | Killed by an exploding themself... ignited by their inner
                  | flame
 14213 | D:13     | Reached XP level 10. HP: -1/46 MP: 15/24
 14456 | D:13     | Reached skill level 10 in Hexes
 14773 | D:13     | Noticed a deep elf zephyrmancer
 14784 | D:13     | Killed a deep elf zephyrmancer
 14832 | D:13     | Reached skill level 11 in Summonings
 14848 | D:13     | Noticed a skeletal warrior
 14863 | D:13     | Killed a skeletal warrior
 14864 | D:13     | Reached XP level 11. HP: 50/50 MP: 19/25
 14954 | D:13     | Reached skill level 10 in Dodging
 15074 | D:13     | Noticed a white ugly thing
 15082 | D:13     | Killed a white ugly thing
 15093 | D:13     | Noticed a centaur warrior
 15115 | D:13     | Killed a centaur warrior
 15209 | D:13     | Noticed a deep elf knight
 15214 | D:13     | Noticed a deep elf archer
 15216 | D:13     | Killed a deep elf knight
 15228 | D:13     | Killed a seven-headed hydra
 15237 | D:13     | Killed a deep elf archer
 15451 | D:13     | Found a gate to the Vaults.
 15683 | D:14     | Noticed a red ugly thing
 15683 | D:14     | Noticed a red ugly thing
 15683 | D:14     | Noticed a red ugly thing
 15683 | D:14     | Noticed a red ugly thing
 15685 | D:14     | Noticed a red ugly thing
 15696 | D:14     | Killed a cyan ugly thing
 15699 | D:14     | Killed a red ugly thing
 15700 | D:14     | Reached skill level 10 in Spellcasting
 15703 | D:14     | Killed a red ugly thing
 15704 | D:14     | Killed a white ugly thing
 15741 | D:14     | Noticed a nameless horror
 15741 | D:14     | Noticed a skeletal warrior
 15746 | D:14     | Noticed a skeletal warrior
 15757 | D:13     | Killed a nameless horror
 15865 | D:14     | Noticed a boulder beetle
 15887 | D:14     | Noticed a purple ugly thing
 15893 | D:14     | Noticed a purple ugly thing
 15894 | D:14     | Noticed a purple ugly thing
 15895 | D:14     | Noticed a purple ugly thing
 15906 | D:14     | Noticed a brown ugly thing
 15916 | D:14     | Killed a white ugly thing
 15918 | D:14     | Killed a white ugly thing
 15919 | D:14     | Reached XP level 12. HP: 46/54 MP: 8/27
 16180 | D:14     | Noticed a rakshasa
 16200 | D:14     | Killed a rakshasa
 16333 | D:14     | Reached skill level 12 in Summonings
 16359 | D:14     | Killed a boulder beetle
 16750 | D:14     | Found Pedyst's Practical Paraphernalia.
 16851 | D:14     | Noticed a rakshasa
 16872 | D:14     | Killed a rakshasa
 16907 | D:14     | Noticed a rakshasa
 16925 | D:14     | Killed a rakshasa
 17037 | D:15     | Entered Level 15 of the Dungeon
 17146 | D:15     | Reached XP level 13. HP: 58/58 MP: 15/28
 17214 | D:15     | Slain by a wolf spider
 17215 | D:15     | Reached XP level 12. HP: -1/55 MP: 10/27
 17237 | D:15     | Found a runed translucent gate.
 17238 | D:15     | Found a runed translucent gate.
 17239 | D:15     | Found a runed translucent gate.
 17239 | D:15     | Noticed a centaur warrior
 17240 | D:15     | Noticed a five-headed hydra
 17265 | D:15     | Noticed a centaur warrior
 17409 | Lair:1   | Entered Level 1 of the Lair of Beasts
 17739 | Lair:1   | Found a dark tunnel.
 18160 | Lair:1   | Noticed a death yak
 18160 | Lair:1   | Noticed a death yak
 18161 | Lair:1   | Noticed a death yak
 18161 | Lair:1   | Noticed a death yak
 18165 | Lair:1   | Killed a death yak
 18166 | Lair:1   | Reached skill level 1 in Ice Magic
 18170 | Lair:1   | Killed a death yak
 18173 | Lair:1   | Killed a death yak
 18177 | Lair:1   | Killed a death yak
 18605 | Lair:2   | Found a transporter.
 18606 | Lair:2   | Found a transporter.
 18610 | Lair:2   | Noticed Kaluijim's ghost (journeyman SpEn)
 18758 | Lair:2   | Found a glowing golden altar of the Shining One.
 18892 | Lair:2   | You fall into a shaft and drop 1 floor!
 18908 | Lair:3   | Bought the ring of the Catfish {rElec rPois rF+} for 648
                  | gold pieces
 18940 | Lair:3   | Noticed Nergalle
 18948 | Lair:3   | HP: 2/46 [spectral orc knight/+1 great mace of
                  | draining[Nergalle] (21)]
 18948 | Lair:3   | Slain by a spectral orc knight

Illustrated notes

Levels and vault maps discovered:
D:1:      zaba_arrival_water, layout_basic, dreamdust_ecumenical_altar_grove,
          grunt_decor_arrowhead
D:2:      layout_basic, minmay_pentomino_t4
D:3:      layout_loops_ring, fedhas_altar_3
D:4:      layout_cave_pools, mainiacjoe_overflow_cross_hatched,
          bh_walls_and_bars
D:5:      layout_basic, kennysheep_mini, minmay_temple_entry_statues_fountains
D:6:      layout_rooms, lemuel_round_altar, uniq_eustachio
D:7:      layout_loops_ring
D:8:      layout_loops_corners, gammafunk_temple_overflow_statue, serial_glass,
          glass_columns_b, glass_columns_a, glass_columns_b, glass_columns_c,
          minmay_between
D:9:      layout_basic, minmay_lair_entry_lava, erik_orc_3, uniq_harold
D:10:     layout_loops_ring, uniq_josephine
D:11:     layout_grid_maze, serial_shops, nicolae_shop_overgrown_old_shop
D:12:     layout_layer_cave, serial_shops, shop
D:13:     layout_layer_cave, hangedman_vaults_entry_quadrant_bands,
          beargit_elvish_explorers
D:14:     layout_basic, minmay_door_square, nicolae_alphabet_shops,
          nicolae_burly_brawl
D:15:     hangedman_depths_entry_try_elsewhere_first, layout_rooms,
          serial_bayou_pond_a, gammafunk_ghost_tricky_traps
Temple:   kb_temple_of_zot
Lair:1:   layout_regular_city, nicolae_volcano_entry_lava_flow
Lair:2:   layout_cave_pods, minmay_shoals_entry_hut, gammafunk_ghost_hive,
          basic_altar
Lair:3:   layout_concentric_octagons, nicolae_spider_entry_tight_spaces,
          lemuel_centaur_altar, uniq_nergalle

Skill      XL: |  1  2  3  4  5  6  7  8  9 10 11 12 13 |
---------------+----------------------------------------+-----
Stealth        | 3 |  3.4
Dodging        | 3 4 5 6 7 8 10 11 | 11.3
Hexes          | 1 3 4 6 7 10 9 11 | 11.5
Spellcasting   | 3 4 5 6 7 10 11 | 11.1
Fighting       | 1 2 3 4 7 6 8 |  8.3
Summonings     | 5 6 7 8 11 10 12 | 12.5
Air Magic      | 3 7 6 9 |  9.2
Unarmed Combat | 2 3 4 7 |  7.1
Ice Magic      | 1 |  1.6

Action                   |  1- 3 |  4- 6 |  7- 9 | 10-12 | 13-15 || total
-------------------------+-------+-------+-------+-------+-------++-------
Melee: Unarmed           |    20 |    28 |    35 |    65 |       ||   148
       Bite              |     2 |     7 |     2 |    10 |       ||    21
       Punch             |       |       |       |     3 |       ||     3
 Cast: Summon Small Mamm |    45 |    37 |    53 |    17 |       ||   152
       Call Imp          |    11 |    23 |    23 |    25 |       ||    82
       Call Canine Famil |    11 |    25 |    41 |    80 |       ||   157
       Summon Guardian G |       |     5 |    25 |    87 |     1 ||   118
       Tukima's Dance    |       |       |    10 |     2 |       ||    12
       Summon Lightning  |       |       |     6 |   100 |     2 ||   108
       Summon Ice Beast  |       |       |       |    31 |     2 ||    33
       Summon Cactus Gia |       |       |       |    39 |       ||    39
Invok: Call Merchant     |       |       |       |     1 |       ||     1
Evoke: Wand              |       |       |     2 |     9 |       ||    11
  Use: Scroll            |       |     4 |    13 |    10 |       ||    27
       Potion            |       |       |       |     3 |       ||     3
 Stab: Distracted        |       |       |     2 |       |       ||     2
Armor: Skin              |     4 |     2 |     2 |     4 |     1 ||    13
Dodge: Dodged            |    41 |    16 |    63 |   196 |    13 ||   329

Table legend: (Time is in decaauts)
 A = Elapsed time spent in this place.
 B = Non-inter-level travel time spent in this place.
 C = Inter-level travel time spent in this place.
 D = Time resting spent in this place.
 E = Time spent auto-exploring this place.
 F = Levels seen in this place.
 G = Mean time per level.
                   A        B        C        D        E       F      G
               +--------+--------+--------+--------+--------+-----+--------+
         Total |  16462 |  15979 |    483 |    268 |  11915 |  19 |  866.4 |
       Dungeon |  15013 |  14566 |    447 |    241 |  10921 |  15 | 1000.9 |
        Temple |    110 |     74 |     36 |      0 |     64 |   1 |  110.0 |
          Lair |   1338 |   1338 |      0 |     27 |    930 |   3 |  446.0 |
               +--------+--------+--------+--------+--------+-----+--------+

Top non-repeatable levels by time:
    D:13: 1908 daAuts
    D:12: 1499 daAuts
    D:11: 1265 daAuts
     D:9: 1232 daAuts
     D:1: 1199 daAuts
    D:14: 1126 daAuts
     D:3: 1106 daAuts
     D:5: 1099 daAuts
     D:7: 982 daAuts
  Lair:1: 962 daAuts
     D:8: 767 daAuts
    D:10: 767 daAuts
     D:2: 743 daAuts
     D:4: 596 daAuts
     D:6: 522 daAuts
